 Dungeon Crawl Stone Soup version 0.23-b1-86-gba62f8e092 (webtiles) character file.

Game seed: 17711571803633583638

108 Raymar the Twirler (level 4, -6/27 HPs)
             Began as a Tengu Gladiator on Feb 8, 2019.
             Killed from afar by Natasha (8 damage)
             ... with a magic dart
             ... on level 4 of the Dungeon.
             The game lasted 00:05:24 (2202 turns).

Raymar the Twirler (Tengu Gladiator)                Turns: 2202, Time: 00:05:24

Health: -6/27      AC:  8    Str: 15    XL:     4   Next: 87%
Magic:  5/5        EV: 14    Int:  8    God:
Gold:   118        SH:  0    Dex: 16    Spells: 3/3 levels left

rFire    . . .     SeeInvis .   a - +0 quarterstaff
rCold    . . .     Gourm    .   (shield currently unavailable)
rNeg     . . .     Faith    .   i - +2 leather armour {rPois}
rPois    +         Spirit   .   c - +0 hat
rElec    .         Reflect  .   l - +2 cloak
rCorr    .         Harm     .   (no gloves)
MR       .....                  (boots unavailable)
Stlth    +.........             (no amulet)
HPRegen  0.09/turn              (no ring)
MPRegen  0.09/turn              (no ring)

@: very slightly contaminated, invisible
A: beak, talons 3
a: no special abilities


You were on level 4 of the Dungeon.
You were not hungry.

You visited 1 branch of the dungeon, and saw 4 of its levels.

You collected 118 gold pieces.

Inventory:

Hand Weapons
 a - a +0 quarterstaff (weapon)
Missiles
 d - 3 throwing nets (quivered)
 p - 3 javelins
Armour
 c - a +0 hat (worn)
 i - a +2 leather armour of poison resistance (worn)
 l - a +2 cloak (worn)
Jewellery
 m - a cursed amulet of inaccuracy {unknown}
 n - an uncursed ring of poison resistance {unknown}
Wands
 o - a wand of enslavement (6)
Potions
 e - a potion of mutation {unknown}
 j - 2 potions of haste {unknown}
 k - a potion of berserk rage {unknown}
Comestibles
 f - 6 rations


   Skills:
 * Level 2.9 Fighting
 + Level 4.7 Staves
 + Level 2.0 Throwing
 + Level 0.9 Armour
 + Level 4.0 Dodging


You had 3 spell levels left.
You didn't know any spells.
Your spell library was empty.

Dungeon Overview and Level Annotations

Branches:
Dungeon (4/15)
 Temple: D:4-7

Altars:
Yredelemnul

Annotations:
D:4 Edmund, Natasha


Innate Abilities, Weirdness & Mutations

You have a beak for a mouth.
You have claws for feet.


Message History

Your peck misses Edmund.
Edmund is moderately wounded.
Your adder bites Edmund but does no damage.
Edmund zaps a wand.
The puff of flame hits you.
* * * LOW HITPOINT WARNING * * *
Your adder barely misses Edmund.
Your adder bites Edmund but does no damage.
You catch the helpless Edmund completely off-guard!
You hit Edmund but do no damage.
Edmund is moderately wounded.
Your adder bites the leopard gecko.
Edmund hits your adder with a +4 flail of protection.
Your adder dies!
Edmund zaps a wand.
Natasha, Servant of Life and Death comes into view.
An iguana comes into view.
Natasha hisses angrily.
Natasha casts a spell at you. The magic dart hits you!
You die...

#.# #.# #.##.. #.#..##
#..... #
##..(..##....... .h.
###..............##
.l..#...(.............#
......................#
.......@..............#
.........l(...........#
####..........†.......#
###......@.....<...#
##..............##
##.....##.....##
##############


You could see Edmund, an iguana (wandering), Natasha and a leopard gecko.

Vanquished Creatures
  2 adders
  3 worms
  3 dart slugs
  2 leopard geckos (D:2)
  An orc (D:3)
  2 ball pythons
  3 giant cockroaches
  2 gnoll zombies (D:3)
  12 hobgoblins
  7 jackals
  11 kobolds
  A quokka (D:3)
  5 bats
  3 frilled lizards
  5 goblins (D:1)
  7 rats
69 creatures vanquished.

Vanquished Creatures (others)
  An adder (D:4)
1 creature vanquished.

Grand Total: 70 creatures vanquished

Notes
Turn   | Place    | Note
-------+----------+-------------------------------------------
     0 | D:1      | Raymar the Tengu Gladiator began the quest for the Orb.
     0 | D:1      | Reached XP level 1. HP: 12/12 MP: 2/2
   283 | D:1      | Reached XP level 2. HP: 17/17 MP: 3/3
   561 | D:1      | Reached XP level 3. HP: 17/21 MP: 4/4
  1293 | D:2      | Reached XP level 4. HP: 27/27 MP: 5/5
  1508 | D:2      | You fall through a shaft!
  1930 | D:3      | Found a basalt altar of Yredelemnul.
  2174 | D:4      | Noticed Edmund
  2201 | D:4      | Noticed Natasha
  2202 | D:4      | Killed from afar by Natasha

Skill      XL: |  1  2  3  4 |
---------------+-------------+-----
Staves         | 4 |  4.7
Dodging        | 4 |  4.0
Fighting       | |  2.9
Throwing       | |  2.0
Armour         | |  0.9

Action                   |  1- 3 |  4- 6 || total
-------------------------+-------+-------++-------
Melee: Quarterstaff      |    73 |    78 ||   151
       Kick              |    18 |    22 ||    40
       Peck              |     6 |    13 ||    19
Evoke: Wand              |       |     2 ||     2
  Use: Scroll            |     2 |     4 ||     6
       Potion            |       |     1 ||     1
 Stab: Sleeping          |     1 |       ||     1
       Invisible         |       |     1 ||     1
  Eat: Chunk             |     1 |     3 ||     4
Armor: Leather armour    |    23 |    33 ||    56
Dodge: Dodged            |    48 |    60 ||   108
